 Dungeon Crawl Stone Soup version 0.17-a0-1442-g10bb59b (webtiles) character file.

39 vatarom the Sneak (level 3, -5/31 HPs)
             Began as a Naga Transmuter on June 27, 2015.
             Slain by Grinder (10 damage)
             ... on level 3 of the Dungeon.
             The game lasted 00:03:04 (1188 turns).

vatarom the Sneak (Naga Transmuter)                 Turns: 1188, Time: 00:03:04

Health: -5/31      AC:  2    Str: 12    XL:     3   Next: 47%
Magic:  0/6        EV: 10    Int: 14    God:
Gold:   59         SH:  0    Dex: 11    Spells: 3 memorised, 0 levels left

rFire  . . .     SeeInvis +       - Unarmed
rCold  . . .     Clarity  .     b - +0 robe
rNeg   . . .     SustAt   .     (no shield)
rPois  +         Gourm    .     (no helmet)
rElec  .         Spirit   .     (no cloak)
rCorr  .         Warding  .     (no gloves)
rMut   .         Stasis   .     (no barding)
MR     .....                    (no amulet)
Stlth  +++.......               (no ring)
                                (no ring)

@: flying, very slightly contaminated, very slow, not resistant to hostile
enchantments, fairly stealthy
A: see invisible, deformed body, poison resistance, slowness 2, slow metabolism
1, spit poison 2, AC +1
a: Spit Poison


You were on level 3 of the Dungeon.
You were very hungry.

You visited 1 branch of the dungeon, and saw 3 of its levels.

You collected 59 gold pieces.

Inventory:

Missiles
 a - 22 arrows
Armour
 b - a +0 robe (worn)
Scrolls
 g - 3 scrolls of identify
Potions
 e - a potion of might
Books
 c - a book of Changes

   Spells                             Type                      Level
   a - Beastly Appendage              Transmutation                1
   b - Sticks to Snakes               Transmutation                2
   c - Spider Form                    Transmutation/Poison         3
   d - Ice Form                       Ice/Transmutation            4
   e - Blade Hands                    Transmutation                5
Comestibles
 d - 3 bread rations


   Skills:
 - Level 1.0 Fighting
 - Level 1.5 Dodging
 + Level 4.8 Stealth
 - Level 3.0 Unarmed Combat
 - Level 2.0 Spellcasting
 - Level 2.0 Transmutations


You couldn't memorise any spells.
You knew the following spells:

 Your Spells              Type           Power        Failure   Level  Hunger
a - Beastly Appendage     Trmt           #.....       12%         1    ##.....
b - Sticks to Snakes      Trmt           #.........   17%         2    ###....
c - Spider Form           Trmt/Pois      #.........   47%         3    ####...


Dungeon Overview and Level Annotations

Branches:
Dungeon (3/15)

Altars:

Annotations:
D:2 Robin
D:3 Grinder


Innate Abilities, Weirdness & Mutations

You cannot wear boots.
Your serpentine skin is tough (AC +1).
You have supernaturally acute eyesight.
Armour fits poorly on your strangely shaped body.
Your system is resistant to poisons.
You cover ground very slowly.
You have a slow metabolism.
You can spit poison.


Message History

Your ball python constricts Grinder.
Grinder says, "Tell me all your secrets, or I'll kill you."
Grinder hits you!
You writhe in agony.
Your ball python barely misses Grinder.
You are too injured to fight recklessly!
Drink which item? (? for menu, Esc to quit)
It was a potion of flight.
You feel very buoyant.
You fly up into the air.
Your ball python bites Grinder.
Your ball python constricts Grinder.
Your ball python bites Grinder but does no damage.
Grinder hits you.
* * * LOW HITPOINT WARNING * * *
You writhe in agony.
* * * LOW HITPOINT WARNING * * *
Drink which item? (? for menu, Esc to quit)
It was a potion of poison.
You feel slightly nauseous.
Your ball python bites Grinder.
Your ball python constricts Grinder.
Your ball python bites Grinder but does no damage.
Grinder hits you!
You die...

#########
#.......##.#
#.......##.#
##.......##.#
##.........#.#
#..!.......#.#
#S†........#.#
#5@#######)#.###
.......S...........>#
######..#######.#.#.#
.... ....#.#.# #...#
#..##.#.#
#...#####..##.#.#
#?.........##.#.#
#...# #...##.#.#
#.))...#.#


You could see Grinder and 2 friendly ball pythons.

Vanquished Creatures
  An adder (D:3)
  An orc (D:3)
  3 giant cockroaches
  9 goblins
  4 hobgoblins
  2 ball pythons
  3 bats
  A giant gecko (D:2)
  2 giant newts
  A kobold (D:1)
  3 rats
30 creatures vanquished.

Notes
Turn   | Place    | Note
--------------------------------------------------------------
     0 | D:1      | vatarom the Naga Transmuter began the quest for the Orb.
     0 | D:1      | Reached XP level 1. HP: 18/18 MP: 3/3
    15 | D:1      | Reached skill level 1 in Stealth
    79 | D:1      | Reached XP level 2. HP: 25/25 MP: 3/5
    99 | D:1      | Learned a level 2 spell: Sticks to Snakes
   686 | D:2      | Noticed Robin
   708 | D:2      | Reached skill level 4 in Stealth
   712 | D:2      | Reached XP level 3. HP: 11/31 MP: 4/6
   948 | D:2      | Learned a level 3 spell: Spider Form
  1175 | D:3      | Noticed Grinder
  1188 | D:3      | Slain by Grinder

Vault maps used:
D:1:      scummos_arrival_checkerplants, minmay_misc_feat_four_crosses
D:2:      kennysheep_goblin_castle, lexackson_kobold_supper, uniq_sigmund,
          uniq_terence, uniq_natasha, uniq_robin
D:3:      ecumenical_altar_1, uniq_grinder

Action                   || total
-------------------------++-------
Melee: Unarmed           ||   106
 Cast: Beastly Appendage ||    10
       Sticks to Snakes  ||     5
  Use: Scroll            ||     5
       Potion            ||     3
 Stab: Sleeping          ||     5
